 Dungeon Crawl Stone Soup version 0.31-a0-667-g39726597b9 (webtiles) character file.

Game seed: 9631418569872174557

3038 Sanktem7 the Cleaver (level 9, -1/79 HPs)
             Began as a Minotaur Fighter on Sept 4, 2023.
             Was a Believer of Okawaru.
             Killed by divine providence
             ... invoked by an orc priest
              (13 damage)
             ... on level 7 of the Dungeon.
             The game lasted 00:08:47 (6270 turns).

Sanktem7 the Cleaver (Minotaur Fighter)             Turns: 6270, Time: 00:08:47

Health: -1/79      AC: 13    Str: 25    XL:     9   Next: 56%
Magic:  8/8        EV: 13    Int:  5    God:    Okawaru [**....]
Gold:   340        SH:  5    Dex: 10    Spells: 8/8 levels left

rFire   + . .        a - +0 war axe {axe}
rCold   . . .        c - +0 buckler
rNeg    . . .        G - +0 chain mail
rPois   .            (helmet restricted)
rElec   .            o - +0 cloak {Will+}
rCorr   .            (no gloves)
SInv    .            I - +0 pair of boots
Will    +....        (no amulet) Stlth
                     i - +5 ring of evasion
HPRegen 0.33/turn    x - ring of protection from fire
MPRegen 0.11/turn

%: no passive effects
@: studying Dodging
A: horns 2, retaliatory headbutt
a: Renounce Religion, Heroism


You were on level 7 of the Dungeon.
You worshipped Okawaru.
Okawaru was pleased with you.
You visited 2 branches of the dungeon, and saw 8 of its levels.

You collected 340 gold pieces.


Innate Abilities, Weirdness & Mutations

You have a pair of horns on your head.
You reflexively headbutt those who attack you in melee.


   Skills:
 + Level 7.0 Fighting
 * Level 8.9 Axes
 * Level 5.2 Throwing
 + Level 7.1 Armour
 + Level 6.9 Shields
 + Level 3.4 Shapeshifting


You had 8 spell levels left.
You didn't know any spells.
Your spell library contained the following spells:

 Spells                   Type           Power      Damage    Failure   Level
 Apportation              Tloc           0%         N/A       96%         1
 Necrotise                Necr           0%         1d4       96%         1
 Poisonous Vapours        Pois/Air       0%         N/A       99%         2
 Mephitic Cloud           Conj/Pois/Air  0%         N/A       100%        3
 Freezing Cloud           Conj/Ice/Air   0%         6-21      100%        5
 Summon Small Mammal      Summ           Unusable   N/A       N/A         1
 Animate Dead             Necr           Unusable   N/A       N/A         4
 Haunt                    Necr/Summ      Unusable   N/A       N/A         7
 Infestation              Necr           Unusable   N/A       N/A         8

Inventory:

Hand Weapons
 a - a +0 war axe (weapon) {axe}
 F - a +3 flail of protection {mace}
   (You took it off Edmund on level 5 of the Dungeon)
Missiles
 l - 58 stones {throwing}
 q - a throwing net {=f!fthrowing}
 s - 6 boomerangs {throwing}
 A - 6 datura-tipped darts {throwing}
 D - 14 poisoned darts {throwing}
Armour
 c - a +0 buckler (worn)
 o - a +0 cloak of willpower (worn)
   (You found it on level 1 of the Dungeon)
 G - a +0 chain mail (worn)
   (You found it on level 5 of the Dungeon)
 I - a +0 pair of boots (worn)
   (You found it on level 5 of the Dungeon)
Jewellery
 i - a +5 ring of evasion (left hand)
   (You found it on level 1 of the Dungeon)
 x - a ring of protection from fire (right hand)
   (You found it on level 3 of the Dungeon)
Talismans
 h - a beast talisman
   (You found it on level 1 of the Dungeon)
Wands
 C - a wand of iceblast (14)
   (You found it on level 4 of the Dungeon)
Scrolls
 e - a scroll of amnesia {unknown}
 f - a scroll of enchant armour {unknown}
 m - a scroll of fog {unknown}
 p - a scroll of fear {unknown}
 r - a scroll of teleportation {unknown}
 t - a scroll of brand weapon {unknown}
 v - 3 scrolls of identify {unknown}
 y - a scroll of vulnerability {unknown}
 B - a scroll of torment {unknown}
 E - a scroll of butterflies {unknown}
Potions
 d - 3 potions of might
 j - a potion of invisibility
 k - 2 potions of enlightenment
 n - 2 potions of lignification {!q}
 u - a potion of haste {@q3}
 w - a potion of cancellation {unknown}
 z - 2 potions of ambrosia {unknown}

Dungeon Overview and Level Annotations

Branches:
Dungeon (7/15) Zot: 26710  Temple (1/1) D:5 Zot: 5981

Altars:
Cheibriados
Dithmenos
Elyvilon
Gozag
Hepliaklqana
Kikubaaqudgha
Makhleb
Nemelex Xobeh
Okawaru
Qazlal
Ru
Sif Muna
Trog
Uskayaw
Wu Jian
Xom
Yredelemnul
Zin
The Shining One

###############
#######....).........
...........)))#####
######.#...#.#
#.###.#.# ###.o@..#.#
#######.......#.#
..............#<#
############o#####.#.#
.#...............#.#.#
.#.#########.....#.#.#
.#.#.........#.#.#.#.#
.#.#...........#.#.#.#
.#.#.o....>..#.#.#.#.#


You could see an orc warrior and an orc priest.


Message History

You slash the gnoll!
You kill the gnoll!
Okawaru accepts your kill. 😮 HP[+1]
You barely miss the gnoll. You headbutt the gnoll.
The gnoll hits you with a +0 flail.
The gnoll bouda gazes fiercely through you!
You feel your attacks grow feeble. 😮 HP[-1]
You take 1 damage, and now have 40/78 hp.
You barely miss the gnoll. You block the gnoll's attack.
You hit the gnoll. The gnoll closely misses you. You furiously retaliate!
You headbutt the gnoll.
You kill the gnoll!
Okawaru accepts your kill. 😮 HP[+1]
You slash the gnoll!
You kill the gnoll!
Okawaru accepts your kill.
The gnoll bouda barks out a call to the hunt!
The gnoll picks up the pace!
Menkaure calls on the powers of darkness!
The gnoll bouda convulses!
The gnoll convulses!
Your body is wracked with pain!
* * * LOW HITPOINT WARNING * * *
You hear a shout! 😨 HP[-19]
You take 19 damage, and now have 22/78 hp.
MASSIVE DAMAGE!! (PAUSE)
You barely miss the gnoll. You headbutt the gnoll.
Your attacks no longer feel as feeble.
You block the gnoll's attack.
You hit the gnoll bouda. You headbutt the gnoll bouda.
You kill the gnoll bouda!
Okawaru accepts your kill.
Your Fighting skill increases to level 7! 😨 HP[+1]
You now have 79 max hp (+1).
You slash the gnoll!
You kill the gnoll!
Okawaru accepts your kill.
You slash Menkaure! Your headbutt misses Menkaure. Menkaure hits you!
* * * LOW HITPOINT WARNING * * *
😱 HP[-10]
You take 10 damage, and now have 13/79 hp.
You hit Menkaure but do no damage. You headbutt Menkaure. You slash Menkaure!
You destroy Menkaure!
Okawaru accepts your kill.
You hit the gnoll but do no damage.
The gnoll hits you but does no damage. 😱 HP[+1]
You closely miss the gnoll. The gnoll barely misses you.
You hit the gnoll but do no damage. The gnoll hits you but does no damage.
You hit the gnoll. The gnoll closely misses you. You furiously retaliate!
You headbutt the gnoll. 😱 HP[+1]
You hit the gnoll but do no damage. You headbutt the gnoll.
You kill the gnoll!
Okawaru accepts your kill.
A wight, an orc warrior and 2 orc priests come into view.
The orc warrior shouts!
The orc priest shouts! x2; You hear a shout!
The orc priest looks encouraged for a moment.
Items here: )))))) [ ††. 😱 HP[+1] 😱 HP[+1] 😱 HP[+1]
The orc priest calls upon Beogh to heal the orc warrior.
The orc warrior is healed somewhat. 😱 HP[+1]
The orc priest mumbles some strange prayers to Beogh against you.
Beogh smites you!
* * * LOW HITPOINT WARNING * * *
😱 HP[-7]
You take 7 damage, and now have 12/79 hp. 😱 HP[+1] 😱 HP[+1] 😱 HP[+1] 😱 HP[+1] 😱 HP[+1] 😱 HP[+1] 😱 HP[+1] 😨 HP[+1] 😨 HP[+1] 😨 HP[+1]
You completely miss the orc warrior. Your headbutt misses the orc warrior.
The orc warrior hits you but does no damage. 😨 HP[+1]
You slash the orc warrior!
The orc warrior hits you with a +0 scimitar!
* * * LOW HITPOINT WARNING * * *
😱 HP[-12]
You take 12 damage, and now have 11/79 hp.
You hit the orc warrior but do no damage.
You headbutt the orc warrior!
The orc priest calls upon Beogh to heal the orc warrior.
The orc warrior is healed somewhat.
The orc warrior closely misses you.
You closely miss the orc warrior.
The orc priest calls down the wrath of Beogh upon you.
Beogh smites you!
You die...

Skill      XL: |  1  2  3  4  5  6  7  8  9 |
---------------+----------------------------+-----
Axes           | 3 4 5 6 7 8 |  8.9
Fighting       | 4 5 6 7 |  7.0
Armour         | 4 5 6 7 |  7.1
Shields        | 4 5 6 |  6.9
Shapeshifting  | 1 2 3 |  3.4
Throwing       | 2 4 5 |  5.2

Action                     |  1- 3 |  4- 6 |  7- 9 || total
---------------------------+-------+-------+-------++-------
  Melee: War axe           |   101 |    84 |   130 ||   315
         Headbutt          |    11 |    15 |    27 ||    53
    Use: Potion            |       |       |     6 ||     6
   Stab: Invisible         |       |       |     3 ||     3
 Armour: Scale mail        |    92 |    65 |     1 ||   158
         Chain mail        |       |       |    81 ||    81
         Skin              |       |       |    13 ||    13
  Dodge: Dodged            |    60 |    84 |   104 ||   248
  Block: Buckler           |    32 |    21 |    38 ||    91
   Form: Beast             |     1 |       |       ||     1
                           |       |       |     1 ||     1

Levels and vault maps discovered:
D:1:      nzn_arrival_crosshair, layout_loops_ring, minmay_misc_feat_roman,
          nrook_loot_triangle
D:2:      kennysheep_big_flooded_room, layout_basic,
          shapermc_ecumenical_altar_mp_ritualfount, serial_bayou_lake_a
D:3:      layout_basic, xom_teletrap_fun, serial_glass, glass_columns_a,
          glass_columns_b
D:4:      layout_loops_ring, dk_vineyard_3, minmay_manual_mares
D:5:      layout_loops_ring, kennysheep_mini, minmay_temple_entry_antechambers,
          serial_bayou_pond_e, uniq_edmund, uniq_pikel, uniq_blork_the_orc
D:6:      minmay_octagon_keep, layout_cave_pods, trog_hazing_becter,
          mainiacjoe_overflow_two_lobes, uniq_eustachio, uniq_sigmund
D:7:      layout_basic, minivault_11, uniq_menkaure, uniq_jeremiah
Temple:   nicolae_temple_ecumenical_triangle

Notes
Turn   | Place    | Note
-------+----------+-------------------------------------------
     0 | D:1      | Sanktem7 the Minotaur Fighter began the quest for the Orb.
     0 | D:1      | Reached XP level 1. HP: 19/19 MP: 0/0
     0 | D:1      | magus.rc [v1.9.6]
    96 | D:1      | You add the spells Necrotise, Animate Dead, Haunt and
                  | Infestation to your library.
    96 | D:1      | Got the Enchiridion on Zombies
   215 | D:1      | Reached XP level 2. HP: 27/27 MP: 1/1
   246 | D:1      | Reached skill level 3 in Axes
   343 | D:1      | Reached XP level 3. HP: 25/33 MP: 2/2
   532 | D:1      | Reached skill level 4 in Fighting
   589 | D:1      | Reached skill level 4 in Armour
  1002 | D:2      | You pick up a book of Vapours and begin reading...
  1002 | D:2      | You add the spells Poisonous Vapours, Mephitic Cloud and
                  | Freezing Cloud to your library.
  1016 | D:2      | Found a faded altar of an unknown god.
  1460 | D:2      | Reached skill level 4 in Shields
  1692 | D:2      | Reached XP level 4. HP: 32/40 MP: 3/3
  2001 | D:3      | Reached skill level 4 in Axes
  2225 | D:3      | Found a shimmering altar of Xom.
  2525 | D:4      | Noticed a centaur
  2526 | D:4      | Noticed a centaur
  2532 | D:4      | Killed a centaur
  2533 | D:4      | Reached skill level 1 in Shapeshifting
  2533 | D:4      | Reached XP level 5. HP: 15/47 MP: 4/4
  2537 | D:4      | Killed a centaur
  2541 | D:4      | Reached skill level 5 in Axes
  2541 | D:4      | Reached XP level 6. HP: 17/53 MP: 5/5
  3338 | D:5      | Entered Level 5 of the Dungeon
  3360 | D:5      | Noticed Blork the orc
  3367 | D:5      | Killed Blork the orc
  3368 | D:5      | Reached skill level 5 in Armour
  3442 | D:5      | Noticed Edmund
  3445 | D:5      | Reached skill level 5 in Fighting
  3445 | D:5      | Reached skill level 5 in Shields
  3451 | D:5      | HP: 9/56 [Edmund/+3 flail of protection (9)]
  3454 | D:5      | Killed Edmund
  3455 | D:5      | Reached skill level 6 in Axes
  3455 | D:5      | Reached XP level 7. HP: 6/61 MP: 6/6
  3659 | D:5      | Reached skill level 2 in Shapeshifting
  3750 | D:5      | Found a staircase to the Ecumenical Temple.
  3764 | D:5      | Reached skill level 1 in Throwing
  3773 | Temple   | Entered the Ecumenical Temple
  3782 | Temple   | Became a worshipper of Warmaster Okawaru
  3809 | D:5      | Noticed Pikel
  3817 | D:5      | Killed Pikel
  3818 | D:5      | Reached skill level 7 in Axes
  3818 | D:5      | Reached skill level 2 in Throwing
  3818 | D:5      | Reached XP level 8. HP: 44/70 MP: 7/7
  4115 | D:5      | Found a sacrificial altar of Ru.
  4145 | D:5      | You pick up a book of Cantrips and begin reading...
  4174 | D:5      | Reached skill level 6 in Armour
  4591 | D:6      | Found a burning altar of Makhleb.
  4626 | D:6      | Found a shimmering blue altar of Sif Muna.
  4661 | D:6      | Noticed Sigmund
  4664 | D:6      | Reached skill level 3 in Throwing
  4664 | D:6      | Reached * piety under Okawaru
  4665 | D:6      | Reached skill level 6 in Fighting
  4678 | D:6      | Killed Sigmund
  4679 | D:6      | Reached skill level 6 in Shields
  4679 | D:6      | HP: 14/70 [water moccasin (7)]
  4899 | D:6      | Reached skill level 8 in Axes
  4899 | D:6      | Reached skill level 4 in Throwing
  5055 | D:6      | Reached skill level 3 in Shapeshifting
  5055 | D:6      | Reached XP level 9. HP: 65/78 MP: 8/8
  5313 | D:6      | Noticed Eustachio
  5332 | D:6      | Killed Eustachio
  5332 | D:6      | Reached ** piety under Okawaru
  5547 | D:6      | Reached skill level 7 in Armour
  5883 | D:6      | Found a bloodstained altar of Trog.
  5999 | D:7      | Reached skill level 5 in Throwing
  6088 | D:7      | You pick up a book of Death and begin reading...
  6203 | D:7      | Noticed Menkaure
  6212 | D:7      | Reached skill level 7 in Fighting
  6213 | D:7      | HP: 13/79 [Menkaure (11)]
  6215 | D:7      | Killed Menkaure
  6234 | D:7      | HP: 12/79 [orc priest/divine providence (8)]
  6268 | D:7      | HP: 11/79 [orc warrior/+0 scimitar (12)]
  6270 | D:7      | Killed from afar by an orc priest

Vanquished Creatures
  Pikel (D:5)
  3 yaks (D:6)
  Sigmund (D:6)
  Eustachio (D:6)
  Menkaure (D:7)
  Edmund (D:5)
  A water moccasin (D:6)
  An ice beast (D:5)
  An orc warrior (D:7)
  A black bear (D:6)
  2 centaurs (D:4)
  An ogre (D:6)
  A phantom (D:5)
  A kobold brigand (D:6)
  Blork the orc (D:5)
  A bullfrog (D:6)
  A gnoll sergeant (D:6)
  A jelly (D:6)
  An orc priest (D:7)
  A gnoll bouda (D:7)
  5 hounds
  A sleepcap (D:6)
  7 iguanas
  2 orc wizards
  5 gnolls (D:7)
  7 adders
  A shadow imp (D:6)
  A worm (D:4)
  3 dart slugs
  10 orcs
  6 ball pythons
  5 endoplasms
  4 giant cockroaches
  15 hobgoblins
  12 jackals
  5 kobolds
  3 quokkas
  5 bats
  5 frilled lizards
  7 goblins
  5 rats
137 creatures vanquished.

Table legend:
 A = Non-vault XP
 B = Vault XP
 C = Vault XP percentage of total XP
 D = Non-vault monster count
 E = Vault monster count
 F = Vault count percentage of total count
                 A         B        C        D         E       F
            +---------+---------+-------+---------+---------+-------
      Total |    1743 |    2597 |  59.8 |     104 |      33 |  24.1
            +---------+---------+-------+---------+---------+-------
        D:1 |      62 |       0 |   0.0 |      33 |       0 |   0.0
        D:2 |      31 |      15 |  32.6 |      12 |       2 |  14.3
        D:3 |      39 |       0 |   0.0 |      16 |       0 |   0.0
        D:4 |     145 |     230 |  61.3 |      18 |       2 |  10.0
        D:5 |     356 |     886 |  71.3 |       5 |       3 |  37.5
        D:6 |     865 |    1291 |  59.9 |       8 |      25 |  75.8
        D:7 |     245 |     175 |  41.7 |      12 |       1 |   7.7
            +---------+---------+-------+---------+---------+-------

Skill      XL: |  1  2  3  4  5  6  7  8  9 |
---------------+----------------------------+-----
Axes           | 3 4 5 6 7 8 |  8.9
Fighting       | 4 5 6 7 |  7.0
Armour         | 4 5 6 7 |  7.1
Shields        | 4 5 6 |  6.9
Shapeshifting  | 1 2 3 |  3.4
Throwing       | 2 4 5 |  5.2

Action                     |  1- 3 |  4- 6 |  7- 9 || total
---------------------------+-------+-------+-------++-------
  Melee: War axe           |   101 |    84 |   130 ||   315
         Headbutt          |    11 |    15 |    27 ||    53
    Use: Potion            |       |       |     6 ||     6
   Stab: Invisible         |       |       |     3 ||     3
 Armour: Scale mail        |    92 |    65 |     1 ||   158
         Chain mail        |       |       |    81 ||    81
         Skin              |       |       |    13 ||    13
  Dodge: Dodged            |    60 |    84 |   104 ||   248
  Block: Buckler           |    32 |    21 |    38 ||    91
   Form: Beast             |     1 |       |       ||     1
                           |       |       |     1 ||     1

Illustrated notes

Table legend:
 A = Kills in this place as a percentage of kills in the entire game.
 B = Kills by you in this place as a percentage of kills by you in the entire game.
 C = Kills by friends in this place as a percentage of kills by friends in the entire game.
 D = Other kills in this place as a percentage of other kills in the entire game.
 E = Experience gained in this place as a percentage of experience gained in the entire game.
 F = Experience gained in this place divided by the number of levels of this place that you have seen.
                   A       B       C       D       E      F
               +-------+-------+-------+-------+-------+----------------------
         Total | 100.0 | 100.0 |   N/A |   N/A | 100.0 | 542.5
       Dungeon | 100.0 | 100.0 |   N/A |   N/A | 100.0 | 620.0
               +-------+-------+-------+-------+-------+----------------------

Table legend: (Time is in decaauts)
 A = Elapsed time spent in this place.
 B = Non-inter-level travel time spent in this place.
 C = Inter-level travel time spent in this place.
 D = Time resting spent in this place.
 E = Time spent auto-exploring this place.
 F = Levels seen in this place.
 G = Mean time per level.
                   A        B        C        D        E       F      G
               +--------+--------+--------+--------+--------+-----+--------+
         Total |   6377 |   6107 |    270 |    302 |   4892 |   8 |  797.1 |
       Dungeon |   6358 |   6088 |    270 |    302 |   4892 |   7 |  908.3 |
        Temple |     18 |     18 |      0 |      0 |      0 |   1 |   18.0 |
               +--------+--------+--------+--------+--------+-----+--------+

Top non-repeatable levels by time:
     D:6: 1486 daAuts
     D:5: 1154 daAuts
     D:1: 1014 daAuts
     D:2: 974 daAuts
     D:4: 841 daAuts
     D:3: 599 daAuts
     D:7: 288 daAuts
  Temple: 18 daAuts
